 Dungeon Crawl Stone Soup version 0.21-a0-171-g0f4a3b6 (webtiles) character file.

561 namelastname112 the Skirmisher (level 7, -2/63 HPs)
             Began as a Black Draconian Wanderer on Aug 7, 2017.
             Killed from afar by Dowan (18 damage)
             ... with a shard of ice
             ... on level 4 of the Dungeon.
             The game lasted 00:06:09 (4286 turns).

namelastname112 the Skirmisher (DrWn)               Turns: 4286, Time: 00:06:10

Health: -2/63      AC:  6    Str: 18      XL:     7   Next: 9%
Magic:  7/7        EV: 14    Int: 12      God:
Gold:   125        SH:  0    Dex:  9 (13) Spells: 6/6 levels left

rFire    . . .     SeeInvis .   c - +1 rapier (venom)
rCold    . . .     Gourm    .   (no shield)
rNeg     . . .     Faith    .   (armour unavailable)
rPois    .         Spirit   .   (helmet restricted)
rElec    +         Reflect  .   (no cloak)
rCorr    .         Harm     +   (no gloves)
MR       .....                  (no boots)
Stlth    +.........             o - amulet of harm (curse)
HPRegen  0.20/turn              (no ring)
MPRegen  0.10/turn              (no ring)

@: lethally poisoned (-2 -> -6), short of breath
A: breathe lightning, unfitting armour, blurry vision 1, electricity resistance,
strong 2, cold-blooded, AC +6
a: Breathe Lightning


You were on level 4 of the Dungeon.
You were not hungry.

You visited 1 branch of the dungeon, and saw 4 of its levels.

You collected 125 gold pieces.

Inventory:

Hand Weapons
 c - a +1 rapier of venom (weapon)
 s - a +2 dagger of venom
Jewellery
 o - a cursed amulet of harm (around neck)
Wands
 a - a wand of confusion (18/48)
 b - a wand of confusion (9/48)
 r - a wand of random effects (13/48)
Scrolls
 h - a scroll of identify
 t - 2 scrolls of enchant weapon
 u - a scroll of teleportation {unknown}
 v - a scroll of blinking {unknown}
 w - a scroll of remove curse {unknown}
 x - 2 scrolls of immolation {unknown}
Potions
 i - a potion of agility
 j - a potion of lignification
 k - a potion of haste
 n - a potion of invisibility
 p - 3 potions of heal wounds
Comestibles
 d - 4 bread rations
 f - 2 royal jellies
 m - a meat ration
 z - 8 fruits


   Skills:
 + Level 6.0 Fighting
   Level 2.0 Maces & Flails
   Level 3.0 Polearms
 + Level 5.0 Dodging
   Level 1.0 Shields
 - Level 1.0 Evocations


You had 6 spell levels left.
You didn't know any spells.

Dungeon Overview and Level Annotations

Branches:
Dungeon (4/15)
 Temple: D:4-7

Altars:
Gozag
Kikubaaqudgha
Zin

Annotations:
D:4 Dowan


Innate Abilities, Weirdness & Mutations

You can breathe wild blasts of lightning.
Your glossy black scales are hard. (AC +6)
You cannot fit into any form of body armour.
You are resistant to electric shocks. (rElec)
You are cold-blooded and may be slowed by cold attacks.
Scrolls take you a little longer to read.
Your muscles are very strong. (Str +4)


Message History

The scorpion stings you.
You are poisoned.
The scorpion poisons you!
Dowan gestures wildly while chanting.
Dowan blinks!
You take 2 damage, and have 21/63 hp.
You feel sick. The scorpion closely misses you.
You take 1 damage, and have 20/63 hp.
You feel sick.
You take 1 damage, and have 19/63 hp.
You feel sick.
You take 1 damage, and have 18/63 hp.
You feel sick.
You feel sick.
You take 1 damage, and have 17/63 hp.
You feel sick.
Dowan says, "How can I live without her?"
Dowan casts a spell at you. The shard of ice hits you!
You die...

####....##......##...##.....#
.###....##.......#....#.....#
.........#.......#....#.....#
.........#.......#....#.....#
.........'.......#....#.....#
...[(....#.e.....#....#.....#
.###....##......##....#.....#
.###....##......##....#.....#
.....)...#.....s@.....#.....#
.........#....O.......#.....#
.........#............#.....#
.........#............#.....#
.........#............#.....#
###......#............#.....#
.#########............#.....#
.##.....##............#.....#
.........#............#.....#


You could see an ogre, Dowan and a scorpion.

Vanquished Creatures
  Sigmund (D:3)
  Duvessa (D:4)
  A hound (D:4)
  2 orc wizards (D:3)
  Ijyb (D:3)
  Terence (D:3)
  An iguana (D:3)
  A killer bee zombie (D:4)
  A gnoll (D:1)
  2 adders
  2 worms (D:2)
  3 dart slugs
  3 leopard geckos (D:2)
  4 orcs
  A ball python (D:3)
  7 bats
  4 giant cockroaches
  9 goblins
  4 hobgoblins
  2 jackals (D:2)
  10 kobolds
  3 quokkas
  2 frilled lizards
  11 rats
77 creatures vanquished.

Notes
Turn   | Place    | Note
-------+----------+-------------------------------------------
     0 | D:1      | namelastname112 the Draconian Wanderer began the quest for the Orb.
     0 | D:1      | namelastname112 set off with: a wand of confusion (15/48), a +0 spear, a potion of curing, a bread ration
     0 | D:1      | Reached XP level 1. HP: 17/17 MP: 1/1
   246 | D:1      | Reached XP level 2. HP: 25/25 MP: 2/2
   507 | D:1      | Reached skill level 3 in Fighting
   507 | D:1      | Reached XP level 3. HP: 13/31 MP: 3/3
  1346 | D:2      | Found an ancient bone altar of Kikubaaqudgha.
  1350 | D:2      | Found a glowing silver altar of Zin.
  1353 | D:2      | Found an opulent altar of Gozag.
  2136 | D:3      | Noticed Terence
  2187 | D:2      | Reached XP level 4. HP: 13/38 MP: 4/4
  2696 | D:3      | Noticed Sigmund
  2730 | D:3      | Killed Sigmund
  2730 | D:3      | Reached skill level 4 in Fighting
  2730 | D:3      | Reached XP level 5. HP: 12/47 MP: 5/5
  3032 | D:3      | Reached skill level 5 in Fighting
  3032 | D:3      | Reached XP level 6. HP: 39/56 MP: 6/6
  3353 | D:3      | Noticed Ijyb
  3381 | D:3      | Killed Ijyb
  3517 | D:3      | Killed Terence
  4155 | D:3      | Gained mutation: Scrolls take you a little longer to read. [potion of mutation]
  4155 | D:3      | Gained mutation: Your muscles are strong. (Str +2) [potion of mutation]
  4155 | D:3      | Gained mutation: Your muscles are very strong. (Str +4) [potion of mutation]
  4242 | D:4      | Noticed Duvessa
  4257 | D:4      | Noticed Dowan
  4268 | D:4      | Killed Duvessa
  4268 | D:4      | Reached skill level 6 in Fighting
  4268 | D:4      | Reached skill level 5 in Dodging
  4268 | D:4      | Your scales start taking on a glossy black colour.
  4268 | D:4      | Reached XP level 7. HP: 21/63 MP: 7/7
  4268 | D:4      | Gained mutation: You are resistant to electric shocks. (rElec) [Black Draconian growth]
  4286 | D:4      | Killed from afar by Dowan

Vault maps used:
D:1:      dpeg_arrival_fog
D:2:      minmay_overflow_temple_star_quad
D:3:      first_bread, uniq_ijyb, uniq_sigmund, uniq_terence
D:4:      hangedman_decor_riveting, minmay_goblin_kobold_house, uniq_duvessa

Skill      XL: |  1  2  3  4  5  6 |
---------------+-------------------+-----
Fighting       | 3 4 5 6 |  6.0
Dodging        | 2 3 4 5 |  5.0
Maces & Flails | |  2.0
Polearms       | |  3.0
Shields        | |  1.0
Evocations     | |  1.0

Action                   |  1- 3 |  4- 6 |  7- 9 || total
-------------------------+-------+-------+-------++-------
Melee: Spear             |   191 |    82 |       ||   273
       Tailslap          |    19 |    28 |       ||    47
       Dagger            |       |    94 |       ||    94
       Rapier            |       |       |     1 ||     1
 Abil: Breathe Lightning |       |       |     1 ||     1
Evoke: Wand              |       |    15 |       ||    15
  Use: Potion            |       |     6 |       ||     6
       Scroll            |       |     9 |       ||     9
 Stab: Sleeping          |     2 |     1 |       ||     3
       Confused          |       |     5 |       ||     5
  Eat: Chunk             |     4 |     5 |       ||     9
       Royal jelly       |       |     1 |       ||     1
Armor: Skin              |    35 |    57 |     3 ||    95
Dodge: Dodged            |    76 |   132 |     5 ||   213
